Demolitions vs Diablos
Created - December 19, 2020 at 19:11
Goals
|
Demolitions |
1 |
5 |
1 |
0 |
7 |
Diablos |
5 |
2 |
0 |
1 |
8 |
|
Shots
|
Demolitions |
14 |
15 |
5 |
0 |
34 |
Diablos |
10 |
10 |
5 |
1 |
26 |
|
1st period
1. Diablos , Jiri Sekac 6 (Adam Gaudette 6, Dean Kukan 8) at 3:21
2. Diablos , Tyler Pitlick 10 (Corey Trivino 12, Alex Petrovic 6) at 7:34 (SH)
3. Diablos , Tyler Pitlick 11 (Peter Holland 26) at 14:52
4. Diablos , Corey Trivino 4 (Viktor Loov 14) at 15:03
5. Demolitions , Daultan Leveillé 10 (Juuso Riikola 18, J.T. Brown 23) at 15:17
6. Diablos , Jiri Sekac 7 (Corey Trivino 13, Tyler Pitlick 11) at 17:01 (PP)
Penalties :
Jakub Vrana (Don) for Interference (Minor) at 7:20, J.T. Brown (Vic) for Interference (Minor) at 16:09, Danton Heinen (Don) for Diving (Minor) at 17:17
2nd period
7. Diablos , Danton Heinen 19 (Viktor Loov 15, Adrian Kempe 25) at 0:30 (PP)
8. Demolitions , Joshua Leivo 11 (Nikita Tryamkin 5, Juuso Riikola 19) at 2:44
9. Diablos , Tyler Pitlick 12 (Adrian Kempe 26, Peter Holland 27) at 10:24 (PP)
10. Demolitions , Michael Ferland 3 (Mitch Callahan 1, Colton Gillies 2) at 11:33
11. Demolitions , Joel Vermin 9 (Taylor Beck 15, Phil McRae 26) at 14:26
12. Demolitions , Jared Staal 2 (Joshua Leivo 6, Andrej Nestrasil 15) at 15:48
13. Demolitions , Daultan Leveillé 11 (J.T. Brown 24) at 19:21
Penalties :
Nikita Tryamkin (Vic) for Interference (Minor) at 0:22, Brandon Saad (Vic) for Holding (Minor) at 10:20, Adrian Kempe (Don) for Slashing (Minor) at 12:11, Michael Prapavessis (Vic) for Interference (Minor) at 16:20, Jiri Sekac (Don) for Hooking (Minor) at 19:40
3rd period
14. Demolitions , Christoph Bertschy 7 (Daultan Leveillé 20, Alex Hutchings 2) at 19:22
Penalties :
No Penalty
Overtime #1
15. Diablos , Adam Gaudette 8 (Andrey Pedan 9, Joni Ortio) at 4:27
Penalties :
No Penalty
Goalie Stats
Thatcher Demko (Vic), 5 saves from 9 shots - (0.556), 15:03 minutes
Brandon Halverson (Vic), 13 saves from 17 shots - (0.765), OTL, 6-4-2, 49:02 minutes
Joni Ortio (Don), 27 saves from 34 shots - (0.794), W, 13-6-3, 64:27 minutes
Players Stats for Demolitions
Player Name G A P +/- PIM S H SB GA TA FO MP PP MP PK MP
------------------------------------------------------------------------------------
Aaron Haydon 0 0 0 1 0 0 5 1 0 0 0/0 20:44 2:46 0:59
Alex Hutchings 0 1 1 1 0 1 0 0 0 0 0/0 4:15 0:00 0:33
Andrej Nestrasil 0 1 1 1 0 2 1 1 0 0 3/6 12:08 0:00 0:00
Brandon Saad 0 0 0 -1 2 2 1 1 2 0 2/4 21:47 3:53 1:33
Christoph Bertschy 1 0 1 1 0 2 0 0 0 0 1/1 5:56 0:00 0:08
Colton Gillies 0 1 1 1 0 0 3 0 0 0 1/2 7:59 0:00 0:00
Daultan Leveillé 2 1 3 0 0 4 2 0 1 0 10/26 20:39 3:53 0:40
J.T. Brown 0 2 2 -1 2 2 0 0 2 0 0/0 20:10 3:53 0:26
Jaedon Descheneau 0 0 0 0 0 0 0 0 0 0 0/0 0:07 0:00 0:00
Jared Staal 1 0 1 1 0 1 4 1 0 0 0/0 12:17 0:00 0:00
Jeremy Roy 0 0 0 -2 0 0 1 0 0 0 0/0 15:55 0:00 0:58
Joel Vermin 1 0 1 1 0 1 0 0 0 0 0/0 16:31 4:03 0:00
Joshua Leivo 1 1 2 0 0 5 1 1 0 0 0/0 12:28 0:00 0:00
Juuso Riikola 0 2 2 2 0 3 2 1 1 2 0/0 29:44 5:10 2:09
Michael Ferland 1 0 1 1 0 1 0 0 0 0 0/0 8:05 0:00 0:00
Michael Prapavessis 0 0 0 2 2 0 5 1 1 1 0/0 23:51 2:46 0:00
Mitch Callahan 0 1 1 1 0 1 0 1 0 0 0/1 8:34 0:00 0:00
Nikita Tryamkin 0 1 1 2 2 3 5 1 0 0 0/0 32:42 5:10 2:00
Phil McRae 0 1 1 1 0 4 0 0 1 0 6/10 16:25 4:03 0:00
Taylor Beck 0 1 1 1 0 2 2 0 1 0 1/1 20:02 4:03 1:50
Taylor Leier 0 0 0 0 0 0 0 0 0 0 0/0 0:00 0:00 0:00
Thomas DiPauli 0 0 0 -1 0 0 0 0 0 0 0/0 1:39 0:00 0:00
Tyler Graovac 0 0 0 -1 0 0 0 0 0 0 0/1 2:43 0:00 0:56
Players Stats for Diablos
Player Name G A P +/- PIM S H SB GA TA FO MP PP MP PK MP
------------------------------------------------------------------------------------
Adam Gaudette 1 1 2 -2 0 2 3 1 0 0 6/12 15:13 0:19 0:00
Adrian Kempe 0 2 2 -2 2 4 0 0 0 2 1/1 21:06 1:52 0:00
Alex Petrovic 0 1 1 2 0 1 0 0 0 1 0/0 19:22 1:13 3:06
Andrey Pedan 0 1 1 0 0 0 0 0 0 0 0/1 16:46 0:00 0:00
Brian Dumoulin 0 0 0 -1 0 2 1 0 1 1 0/0 26:07 1:50 3:06
Corey Trivino 1 2 3 1 0 2 2 0 0 1 15/28 24:06 1:00 4:14
Corey Tropp 0 0 0 -3 0 2 0 0 1 1 0/0 15:59 0:07 1:28
Danton Heinen 1 0 1 0 2 2 1 1 0 0 0/0 6:23 0:41 0:00
Dean Kukan 0 1 1 -1 0 0 1 0 0 1 0/0 21:12 0:00 4:50
Dominic Turgeon 0 0 0 -1 0 2 0 0 0 0 1/1 9:19 0:00 0:00
Guillaume Brisebois 0 0 0 0 0 0 0 2 0 0 0/0 15:59 1:13 0:00
Jakub Vrana 0 0 0 0 2 0 1 0 0 0 0/0 9:43 0:00 0:00
Jiri Sekac 2 0 2 -2 2 2 1 0 0 0 1/1 18:02 1:11 1:15
Peter Holland 0 2 2 1 0 2 2 0 0 0 3/7 20:13 1:44 2:14
Sergey Tolchinsky 0 0 0 -1 0 0 1 0 0 0 0/0 12:06 0:00 2:27
Ty Rattie 0 0 0 -1 0 0 0 0 1 0 0/0 10:35 0:51 0:00
Tyler Pitlick 3 1 4 2 0 5 2 0 0 0 1/1 15:10 1:24 4:14
Viktor Loov 0 2 2 -4 0 0 2 1 0 2 0/0 28:27 1:50 4:50
3 Stars
1 - Tyler Pitlick (Don)
2 - Daultan Leveillé (Vic)
3 - Corey Trivino (Don)
Power Play
Demolitions - 0 on 4 Attempt(s) - 0.00%
Diablos - 3 on 4 Attempt(s) - 75.00%
Penalty Kill
Demolitions - 1 on 4 Attempt(s) - 25.00%
- Score 0 goal in Penalty Kill
Diablos - 4 on 4 Attempt(s) - 100.00%
- Score 1 goal in Penalty Kill
Team Stat
Demolitions - Hits : 32 - Faceoff Wins : 24 - Blocked Shots : 9 - Penalty Minutes : 8
Diablos - Hits : 17 - Faceoff Wins : 28 - Blocked Shots : 5 - Penalty Minutes : 8
Official
Referees : Unknown
Linesman : Unknown
Game Notes
Brandon Halverson enters game at 15:03 of 1st period
Danton Heinen is injured at 3:51 of 2nd period (Bruised Right Shoulder)
Tyler Pitlick has scored a Hat Trick!
Finance
Level 1 -- Attendance: 1966 (98.30%) -- Ticket Income $39,320
Level 2 -- Attendance: 906 (90.60%) -- Ticket Income $11,778
Total Attendance: 2872 (95.73%)
Total Ticket Income: $51,098
Other Income: $2,555
Total Income: $53,653
Demolitions
5 vs 5 Forward
Center Left Wing Right Wing Time % Phy DF OF
1 Daultan Leveillé Brandon Saad J.T. Brown 40 1 2 2
2 Phil McRae Taylor Beck Joel Vermin 30 1 2 2
3 Andrej Nestrasil Joshua Leivo Jared Staal 20 1 2 2
4 Colton Gillies Michael Ferland Mitch Callahan 10 1 2 2
5 vs 5 Defense
Defense Defense Time % Phy DF OF
1 Nikita Tryamkin Juuso Riikola 40 1 2 2
2 Michael Prapavessis Aaron Haydon 30 1 2 2
3 Jeremy Roy Nikita Tryamkin 20 1 2 2
4 Juuso Riikola Michael Prapavessis 10 1 2 2
PowerPlay Forward
Center Left Wing Right Wing Time % Phy DF OF
1 Daultan Leveillé Brandon Saad J.T. Brown 60 1 2 2
2 Phil McRae Taylor Beck Joel Vermin 40 1 2 2
PowerPlay Defense
Defense Defense Time % Phy DF OF
1 Nikita Tryamkin Juuso Riikola 60 1 2 2
2 Michael Prapavessis Aaron Haydon 40 1 2 2
Penalty Kill 4 Players Forward
Center Wing Time % Phy DF OF
1 Brandon Saad Taylor Beck 60 1 2 2
2 Daultan Leveillé J.T. Brown 40 1 2 2
Penalty Kill 4 Players Defense
Defense Defense Time % Phy DF OF
1 Nikita Tryamkin Juuso Riikola 60 1 2 2
2 Michael Prapavessis Aaron Haydon 40 1 2 2
Penalty Kill - 3 Players Forward
Forward Time % Phy DF OF
1 Brandon Saad 60 1 2 2
2 Taylor Beck 40 1 2 2
Penalty Kill - 3 Players Defense
Defense Defense Time % Phy DF OF
1 Nikita Tryamkin Juuso Riikola 60 1 2 2
2 Michael Prapavessis Aaron Haydon 40 1 2 2
4 vs 4 Forward
Center Wing Time % Phy DF OF
1 Brandon Saad Taylor Beck 60 1 2 2
2 Daultan Leveillé J.T. Brown 40 1 2 2
4 vs 4 Defense
Defense Defense Time % Phy DF OF
1 Nikita Tryamkin Juuso Riikola 60 1 2 2
2 Michael Prapavessis Aaron Haydon 40 1 2 2
Last Minutes Offensive
Center Left Wing Right Wing Defense Defense
Daultan Leveillé Brandon Saad J.T. Brown Nikita Tryamkin Juuso Riikola
Last Minutes Defensive
Center Left Wing Right Wing Defense Defense
Daultan Leveillé Brandon Saad J.T. Brown Nikita Tryamkin Juuso Riikola
Goaltenders
Starting : Thatcher Demko
Backup : Brandon Halverson
Extra Forwards
Normal : Christoph Bertschy, Alex Hutchings, Tyler Graovac - PP : Christoph Bertschy, Alex Hutchings - PK : Tyler Graovac
Extra Defensemen
Normal : Jeremy Roy, Aaron Haydon, Nikita Tryamkin - PP : Jeremy Roy - PK : Aaron Haydon, Nikita Tryamkin
Penalty Shots
Brandon Saad, Taylor Beck, Daultan Leveillé, J.T. Brown, Phil McRae
Scratches
Tommy Vannelli (Bruised Right Foot Injury), Taylor Aronson (Strained Left Knee Injury), Jake Paterson (Healthy)
Diablos
5 vs 5 Forward
Center Left Wing Right Wing Time % Phy DF OF
1 Corey Trivino Adrian Kempe Danton Heinen 45 0 2 3
2 Adam Gaudette Jiri Sekac Corey Tropp 30 0 2 3
3 Peter Holland Sergey Tolchinsky Tyler Pitlick 15 0 2 3
4 Dominic Turgeon Jakub Vrana Ty Rattie 10 0 3 2
5 vs 5 Defense
Defense Defense Time % Phy DF OF
1 Viktor Loov Brian Dumoulin 40 0 3 2
2 Alex Petrovic Andrey Pedan 30 0 3 2
3 Dean Kukan Guillaume Brisebois 20 0 4 1
4 Viktor Loov Brian Dumoulin 10 0 3 2
PowerPlay Forward
Center Left Wing Right Wing Time % Phy DF OF
1 Peter Holland Adrian Kempe Danton Heinen 60 0 0 5
2 Corey Trivino Jiri Sekac Tyler Pitlick 40 0 0 5
PowerPlay Defense
Defense Defense Time % Phy DF OF
1 Brian Dumoulin Viktor Loov 60 0 1 4
2 Guillaume Brisebois Alex Petrovic 40 0 1 4
Penalty Kill 4 Players Forward
Center Wing Time % Phy DF OF
1 Corey Trivino Tyler Pitlick 60 1 4 0
2 Peter Holland Sergey Tolchinsky 40 1 4 0
Penalty Kill 4 Players Defense
Defense Defense Time % Phy DF OF
1 Dean Kukan Viktor Loov 60 1 4 0
2 Brian Dumoulin Alex Petrovic 40 1 4 0
Penalty Kill - 3 Players Forward
Forward Time % Phy DF OF
1 Corey Trivino 60 0 5 0
2 Adam Gaudette 40 0 5 0
Penalty Kill - 3 Players Defense
Defense Defense Time % Phy DF OF
1 Dean Kukan Viktor Loov 60 0 5 0
2 Alex Petrovic Andrey Pedan 40 0 5 0
4 vs 4 Forward
Center Wing Time % Phy DF OF
1 Peter Holland Adrian Kempe 60 0 2 3
2 Corey Trivino Danton Heinen 40 0 2 3
4 vs 4 Defense
Defense Defense Time % Phy DF OF
1 Viktor Loov Brian Dumoulin 60 0 2 3
2 Andrey Pedan Dean Kukan 40 0 2 3
Last Minutes Offensive
Center Left Wing Right Wing Defense Defense
Peter Holland Adrian Kempe Danton Heinen Brian Dumoulin Viktor Loov
Last Minutes Defensive
Center Left Wing Right Wing Defense Defense
Corey Trivino Sergey Tolchinsky Corey Tropp Viktor Loov Dean Kukan
Goaltenders
Starting : Joni Ortio
Backup : Jean-Francois Berube
Extra Forwards
Normal : Adrian Kempe, Danton Heinen, Peter Holland - PP : Danton Heinen, Adrian Kempe - PK : Corey Tropp
Extra Defensemen
Normal : Brian Dumoulin, Viktor Loov, Guillaume Brisebois - PP : Brian Dumoulin - PK : Dean Kukan, Viktor Loov
Penalty Shots
Peter Holland, Adrian Kempe, Danton Heinen, Corey Trivino, Corey Tropp
Scratches
Mason Appleton (Healthy), Tyler Lewington (Healthy), Daniel Sprong (Healthy), Tobias Lindberg (Healthy), Scott Glennie (Healthy)
Charles Hudon (Healthy), Andrei Mironov (Torn Left Knee Ligaments Injury), Jack Glover (Healthy), Ryan MacInnis (Healthy)
% Time on Ice - Demolitions
Lines # - Real PCT - Wanted PCT - Time Play
Normal Forward
1 - 30% - 40% - 14:34
2 - 29% - 30% - 14:08
3 - 24% - 20% - 11:44
4 - 16% - 10% - 7:59
Normal Defense
1 - 35% - 40% - 16:43
2 - 29% - 30% - 13:53
3 - 27% - 20% - 12:52
4 - 10% - 10% - 4:57
PP Forward
1 - 49% - 60% - 3:53
2 - 51% - 40% - 4:03
PP Defense
1 - 65% - 60% - 5:10
2 - 35% - 40% - 2:46
PK Forward
1 - 78% - 60% - 2:23
2 - 22% - 40% - 0:40
PK Defense
1 - 58% - 60% - 1:47
2 - 42% - 40% - 1:16
PK3 Forward
1 - 0% - 60%
2 - 0% - 40%
PK3 Defense
1 - 0% - 60%
2 - 0% - 40%
44 Forward
1 - 73% - 60% - 3:16
2 - 27% - 40% - 1:11
44 Defense
1 - 64% - 60% - 2:51
2 - 36% - 40% - 1:36
Last Minute Offensive - 0:36
Last Minute Defensive - 0:00
Total
Forward - 64:27
Defense - 64:27
|
% Time on Ice - Diablos
Lines # - Real PCT - Wanted PCT - Time Play
Normal Forward
1 - 36% - 45% - 17:36
2 - 34% - 30% - 16:17
3 - 11% - 15% - 5:31
4 - 19% - 10% - 9:04
Normal Defense
1 - 39% - 40% - 18:41
2 - 31% - 30% - 14:53
3 - 28% - 20% - 13:29
4 - 3% - 10% - 1:25
PP Forward
1 - 67% - 60% - 2:03
2 - 33% - 40% - 1:00
PP Defense
1 - 60% - 60% - 1:50
2 - 40% - 40% - 1:13
PK Forward
1 - 72% - 60% - 5:42
2 - 28% - 40% - 2:14
PK Defense
1 - 61% - 60% - 4:50
2 - 39% - 40% - 3:06
PK3 Forward
1 - 0% - 60%
2 - 0% - 40%
PK3 Defense
1 - 0% - 60%
2 - 0% - 40%
44 Forward
1 - 77% - 60% - 3:25
2 - 23% - 40% - 1:02
44 Defense
1 - 67% - 60% - 3:00
2 - 33% - 40% - 1:27
Last Minute Offensive - 0:00
Last Minute Defensive - 0:33
Total
Forward - 64:27
Defense - 64:27
|
Play-by-Play
1st period
0:01 of 1st period - Daultan Leveillé wins face-off versus Corey Trivino in neutral zone.
0:26 of 1st period - Nikita Tryamkin is hit by Adam Gaudette and loses puck.
0:45 of 1st period - Snap shot by Corey Tropp.
0:45 of 1st period - Shot Blocked by Joshua Leivo.
0:47 of 1st period - Snap shot by Tyler Pitlick.
0:47 of 1st period - Shot Misses the Net.
0:49 of 1st period - Snap shot by Peter Holland.
0:49 of 1st period - Shot Blocked by Andrej Nestrasil.
0:51 of 1st period - Wrist shot by Sergey Tolchinsky.
0:51 of 1st period - Shot Misses the Net.
0:53 of 1st period - Wrist shot by Tyler Pitlick.
0:53 of 1st period - Stopped by Thatcher Demko with a rebound.
0:55 of 1st period - Slapshot by Brian Dumoulin.
0:55 of 1st period - Shot Blocked by Aaron Haydon.
0:57 of 1st period - Wrist shot by Sergey Tolchinsky.
0:57 of 1st period - Shot Blocked by Michael Prapavessis.
1:17 of 1st period - Backhand shot by Ty Rattie.
1:17 of 1st period - Shot Misses the Net.
1:25 of 1st period - Slapshot by Joshua Leivo.
1:25 of 1st period - Stopped by Joni Ortio with a rebound.
1:35 of 1st period - Michael Prapavessis is hit by Danton Heinen and loses puck.
1:54 of 1st period - Slapshot by Adam Gaudette.
1:54 of 1st period - Shot Blocked by Jared Staal.
1:56 of 1st period - Wrist shot by Adam Gaudette.
1:56 of 1st period - Shot Misses the Net.
1:58 of 1st period - Snap shot by Corey Tropp.
1:58 of 1st period - Stopped by Thatcher Demko with a rebound.
2:08 of 1st period - Aaron Haydon is hit by Peter Holland and loses puck.
2:31 of 1st period - Wrist shot by Taylor Beck.
2:31 of 1st period - Shot Blocked by Viktor Loov.
2:47 of 1st period - Dominic Turgeon is hit by Colton Gillies and loses puck.
3:07 of 1st period - Wrist shot by Daultan Leveillé.
3:07 of 1st period - Deflect By J.T. Brown.
3:07 of 1st period - Shot Misses the Net.
3:07 of 1st period - Puck is out of play.
3:08 of 1st period - Adam Gaudette wins face-off versus Daultan Leveillé in Diablos zone.
3:13 of 1st period - Wrist shot by Adam Gaudette.
3:13 of 1st period - Shot Misses the Net.
3:15 of 1st period - Slapshot by Dean Kukan.
3:15 of 1st period - Shot Blocked by Brandon Saad.
3:21 of 1st period - Slapshot by Adam Gaudette.
3:21 of 1st period - Deflect By Jiri Sekac.
3:21 of 1st period - Goal by Jiri Sekac - Demolitions : 0 - Diablos : 1.
3:22 of 1st period - Phil McRae wins face-off versus Corey Trivino in neutral zone.
3:27 of 1st period - Wrist shot by Phil McRae.
3:27 of 1st period - Deflect By Taylor Beck.
3:27 of 1st period - Stopped by Joni Ortio without a rebound.
3:28 of 1st period - Phil McRae wins face-off versus Corey Trivino in Diablos zone.
3:31 of 1st period - Snap shot by Taylor Beck.
3:31 of 1st period - Shot Blocked by Danton Heinen.
3:33 of 1st period - Snap shot by Phil McRae.
3:33 of 1st period - Stopped by Joni Ortio with a rebound.
3:35 of 1st period - Wrist shot by Joel Vermin.
3:35 of 1st period - Shot Misses the Net.
3:37 of 1st period - Snap shot by Nikita Tryamkin.
3:37 of 1st period - Stopped by Joni Ortio with a rebound.
3:39 of 1st period - Snap shot by Taylor Beck.
3:39 of 1st period - Shot Misses the Net.
3:41 of 1st period - Slapshot by Jeremy Roy.
3:41 of 1st period - Shot Misses the Net.
4:15 of 1st period - Andrey Pedan is hit by Jared Staal and loses puck.
5:04 of 1st period - Slapshot by Taylor Beck.
5:04 of 1st period - Shot Misses the Net.
5:27 of 1st period - Off-side.
5:28 of 1st period - Peter Holland wins face-off versus Brandon Saad in neutral zone.
5:31 of 1st period - J.T. Brown is hit by Tyler Pitlick.
5:39 of 1st period - Daultan Leveillé is hit by Peter Holland and loses puck.
6:16 of 1st period - Wrist shot by Adam Gaudette.
6:16 of 1st period - Stopped by Thatcher Demko without a rebound.
6:17 of 1st period - Adam Gaudette wins face-off versus Andrej Nestrasil in Demolitions zone.
6:59 of 1st period - Jakub Vrana is hit by Nikita Tryamkin and loses puck.
7:12 of 1st period - Slapshot by Andrej Nestrasil.
7:12 of 1st period - Stopped by Joni Ortio with a rebound.
7:18 of 1st period - Wrist shot by Joshua Leivo.
7:18 of 1st period - Stopped by Joni Ortio with a rebound.
7:20 of 1st period - Minor Penalty to Jakub Vrana for Interference.
7:21 of 1st period - Daultan Leveillé wins face-off versus Corey Trivino in Diablos zone.
7:34 of 1st period - Wrist shot by Tyler Pitlick.
7:34 of 1st period - Goal by Tyler Pitlick - Demolitions : 0 - Diablos : 2.
7:35 of 1st period - Daultan Leveillé wins face-off versus Corey Trivino in neutral zone.
7:49 of 1st period - Snap shot by Tyler Pitlick.
7:49 of 1st period - Stopped by Thatcher Demko with a rebound.
7:51 of 1st period - Slapshot by Viktor Loov.
7:51 of 1st period - Shot Misses the Net.
9:20 of 1st period - Penalty to Jakub Vrana is over, Jakub Vrana is back on ice.
9:46 of 1st period - Slapshot by Juuso Riikola.
9:46 of 1st period - Stopped by Joni Ortio with a rebound.
9:48 of 1st period - Slapshot by Juuso Riikola.
9:48 of 1st period - Stopped by Joni Ortio without a rebound.
9:49 of 1st period - Jiri Sekac wins face-off versus Colton Gillies in Diablos zone.
10:40 of 1st period - Corey Trivino is hit by Joshua Leivo and loses puck.
11:04 of 1st period - Peter Holland is hit by Colton Gillies.
11:08 of 1st period - Michael Ferland is hit by Sergey Tolchinsky and loses puck.
12:03 of 1st period - Alex Petrovic is hit by Michael Prapavessis and loses puck.
12:53 of 1st period - Dean Kukan is hit by Jared Staal and loses puck.
13:03 of 1st period - Icing by Alex Petrovic.
13:04 of 1st period - Dominic Turgeon wins face-off versus Daultan Leveillé in Diablos zone.
13:13 of 1st period - Snap shot by Jakub Vrana.
13:13 of 1st period - Shot Blocked by Juuso Riikola.
14:05 of 1st period - Slapshot by Alex Petrovic.
14:05 of 1st period - Stopped by Thatcher Demko without a rebound.
14:06 of 1st period - Corey Trivino wins face-off versus Daultan Leveillé in Demolitions zone.
14:31 of 1st period - Jiri Sekac is hit by Michael Prapavessis and loses puck.
14:36 of 1st period - Slapshot by Taylor Beck.
14:36 of 1st period - Stopped by Joni Ortio with a rebound.
14:52 of 1st period - Snap shot by Tyler Pitlick.
14:52 of 1st period - Goal by Tyler Pitlick - Demolitions : 0 - Diablos : 3.
14:53 of 1st period - Daultan Leveillé wins face-off versus Corey Trivino in neutral zone.
15:03 of 1st period - Snap shot by Corey Trivino.
15:03 of 1st period - Goal by Corey Trivino - Demolitions : 0 - Diablos : 4.
15:03 of 1st period - Brandon Halverson enters game.
15:04 of 1st period - Corey Trivino wins face-off versus Daultan Leveillé in neutral zone.
15:13 of 1st period - Snap shot by J.T. Brown.
15:13 of 1st period - Stopped by Joni Ortio with a rebound.
15:15 of 1st period - Slapshot by Juuso Riikola.
15:15 of 1st period - Stopped by Joni Ortio with a rebound.
15:17 of 1st period - Snap shot by Daultan Leveillé.
15:17 of 1st period - Goal by Daultan Leveillé - Demolitions : 1 - Diablos : 4.
15:18 of 1st period - Corey Trivino wins face-off versus Daultan Leveillé in neutral zone.
15:47 of 1st period - Icing by Nikita Tryamkin.
15:48 of 1st period - Daultan Leveillé wins face-off versus Peter Holland in Demolitions zone.
16:09 of 1st period - Minor Penalty to J.T. Brown for Interference.
16:10 of 1st period - Brandon Saad wins face-off versus Peter Holland in Demolitions zone.
16:44 of 1st period - Juuso Riikola is hit by Viktor Loov and loses puck.
17:01 of 1st period - Snap shot by Jiri Sekac.
17:01 of 1st period - Goal by Jiri Sekac - Demolitions : 1 - Diablos : 5.
17:02 of 1st period - Daultan Leveillé wins face-off versus Corey Trivino in neutral zone.
17:13 of 1st period - Snap shot by Brandon Saad.
17:13 of 1st period - Stopped by Joni Ortio without a rebound.
17:14 of 1st period - Corey Trivino wins face-off versus Daultan Leveillé in Diablos zone.
17:14 of 1st period - Corey Trivino is hit by Nikita Tryamkin.
17:17 of 1st period - Minor Penalty to Danton Heinen for Diving.
17:18 of 1st period - Corey Trivino wins face-off versus Daultan Leveillé in Diablos zone.
17:50 of 1st period - Slapshot by Phil McRae.
17:50 of 1st period - Stopped by Joni Ortio with a rebound.
18:18 of 1st period - Alex Petrovic is hit by Brandon Saad and loses puck.
19:17 of 1st period - Penalty to Danton Heinen is over, Danton Heinen is back on ice.
19:25 of 1st period - Icing by Jiri Sekac.
19:26 of 1st period - Adam Gaudette wins face-off versus Andrej Nestrasil in Diablos zone.
19:41 of 1st period - Jiri Sekac is hit by Jared Staal and loses puck.
Goals for this period are 1 for Demolitions vs 5 for Diablos .
Shots for this period are 14 for Demolitions vs 10 for Diablos .
2nd period
0:01 of 2nd period - Corey Trivino wins face-off versus Daultan Leveillé in neutral zone.
0:08 of 2nd period - Wrist shot by Corey Trivino.
0:08 of 2nd period - Shot Misses the Net.
0:22 of 2nd period - Minor Penalty to Nikita Tryamkin for Interference.
0:23 of 2nd period - Peter Holland wins face-off versus Brandon Saad in Demolitions zone.
0:28 of 2nd period - Wrist shot by Adrian Kempe.
0:28 of 2nd period - Stopped by Brandon Halverson with a rebound.
0:30 of 2nd period - Slapshot by Viktor Loov.
0:30 of 2nd period - Deflect By Danton Heinen.
0:30 of 2nd period - Goal by Danton Heinen - Demolitions : 1 - Diablos : 6.
0:31 of 2nd period - Adrian Kempe wins face-off versus Daultan Leveillé in neutral zone.
0:34 of 2nd period - Snap shot by Danton Heinen.
0:34 of 2nd period - Stopped by Brandon Halverson with a rebound.
1:16 of 2nd period - Peter Holland is hit by Michael Prapavessis and loses puck.
2:15 of 2nd period - Joshua Leivo is hit by Brian Dumoulin and loses puck.
2:22 of 2nd period - Backhand shot by Ty Rattie.
2:22 of 2nd period - Shot Misses the Net.
2:28 of 2nd period - Slapshot by Nikita Tryamkin.
2:28 of 2nd period - Deflect By Jakub Vrana.
2:28 of 2nd period - Stopped by Joni Ortio with a rebound.
2:30 of 2nd period - Slapshot by Nikita Tryamkin.
2:30 of 2nd period - Shot Misses the Net.
2:32 of 2nd period - Slapshot by Joshua Leivo.
2:32 of 2nd period - Shot Misses the Net.
2:34 of 2nd period - Slapshot by Nikita Tryamkin.
2:34 of 2nd period - Shot Misses the Net.
2:36 of 2nd period - Slapshot by Nikita Tryamkin.
2:36 of 2nd period - Shot Misses the Net.
2:38 of 2nd period - Snap shot by Juuso Riikola.
2:38 of 2nd period - Shot Blocked by Guillaume Brisebois.
2:40 of 2nd period - Slapshot by Juuso Riikola.
2:40 of 2nd period - Shot Misses the Net.
2:42 of 2nd period - Slapshot by Nikita Tryamkin.
2:42 of 2nd period - Shot Misses the Net.
2:44 of 2nd period - Wrist shot by Joshua Leivo.
2:44 of 2nd period - Goal by Joshua Leivo - Demolitions : 2 - Diablos : 6.
2:45 of 2nd period - Corey Trivino wins face-off versus Phil McRae in neutral zone.
3:10 of 2nd period - Brian Dumoulin is hit by Daultan Leveillé and loses puck.
3:29 of 2nd period - Tyler Pitlick is hit by Colton Gillies and loses puck.
3:38 of 2nd period - Snap shot by Sergey Tolchinsky.
3:38 of 2nd period - Shot Misses the Net.
3:50 of 2nd period - Danton Heinen is hit by Andrej Nestrasil and loses puck.
3:51 of 2nd period - Danton Heinen from Diablos is injured at 3:51 of 2nd period (Bruised Right Shoulder).
3:52 of 2nd period - Corey Trivino wins face-off versus Daultan Leveillé in Diablos zone.
3:57 of 2nd period - Nikita Tryamkin is hit by Corey Trivino and loses puck.
4:18 of 2nd period - Juuso Riikola is hit by Viktor Loov and loses puck.
4:59 of 2nd period - Wrist shot by Andrej Nestrasil.
4:59 of 2nd period - Stopped by Joni Ortio with a rebound.
5:01 of 2nd period - Slapshot by Nikita Tryamkin.
5:01 of 2nd period - Stopped by Joni Ortio without a rebound.
5:02 of 2nd period - Adam Gaudette wins face-off versus Andrej Nestrasil in Diablos zone.
5:13 of 2nd period - Snap shot by Viktor Loov.
5:13 of 2nd period - Deflect By Corey Tropp.
5:13 of 2nd period - Stopped by Brandon Halverson with a rebound.
5:15 of 2nd period - Slapshot by Brian Dumoulin.
5:15 of 2nd period - Stopped by Brandon Halverson with a rebound.
5:50 of 2nd period - Guillaume Brisebois is hit by Nikita Tryamkin and loses puck.
6:13 of 2nd period - Slapshot by Andrej Nestrasil.
6:13 of 2nd period - Shot Blocked by Guillaume Brisebois.
6:15 of 2nd period - Snap shot by Nikita Tryamkin.
6:15 of 2nd period - Shot Misses the Net.
6:17 of 2nd period - Snap shot by Andrej Nestrasil.
6:17 of 2nd period - Shot Misses the Net.
6:57 of 2nd period - Snap shot by Brandon Saad.
6:57 of 2nd period - Stopped by Joni Ortio with a rebound.
7:11 of 2nd period - Snap shot by Mitch Callahan.
7:11 of 2nd period - Stopped by Joni Ortio with a rebound.
7:30 of 2nd period - Icing by Brian Dumoulin.
7:31 of 2nd period - Corey Trivino wins face-off versus Phil McRae in Diablos zone.
7:45 of 2nd period - Slapshot by Joel Vermin.
7:45 of 2nd period - Shot Hit the Post.
9:12 of 2nd period - Snap shot by J.T. Brown.
9:12 of 2nd period - Shot Misses the Net.
9:32 of 2nd period - Snap shot by Brian Dumoulin.
9:32 of 2nd period - Shot Blocked by Mitch Callahan.
9:34 of 2nd period - Slapshot by Brian Dumoulin.
9:34 of 2nd period - Stopped by Brandon Halverson with a rebound.
9:36 of 2nd period - Snap shot by Dominic Turgeon.
9:36 of 2nd period - Stopped by Brandon Halverson with a rebound.
9:59 of 2nd period - Viktor Loov is hit by Aaron Haydon and loses puck.
10:20 of 2nd period - Minor Penalty to Brandon Saad for Holding.
10:21 of 2nd period - Peter Holland wins face-off versus Tyler Graovac in Demolitions zone.
10:24 of 2nd period - Wrist shot by Tyler Pitlick.
10:24 of 2nd period - Goal by Tyler Pitlick - Demolitions : 2 - Diablos : 7.
10:25 of 2nd period - Daultan Leveillé wins face-off versus Corey Trivino in neutral zone.
10:39 of 2nd period - Snap shot by Adrian Kempe.
10:39 of 2nd period - Stopped by Brandon Halverson without a rebound.
10:40 of 2nd period - Phil McRae wins face-off versus Corey Trivino in Demolitions zone.
11:18 of 2nd period - Wrist shot by Corey Trivino.
11:18 of 2nd period - Stopped by Brandon Halverson without a rebound.
11:19 of 2nd period - Colton Gillies wins face-off versus Adam Gaudette in Demolitions zone.
11:24 of 2nd period - Corey Tropp is hit by Michael Prapavessis and loses puck.
11:29 of 2nd period - Wrist shot by Mitch Callahan.
11:29 of 2nd period - Shot Misses the Net.
11:31 of 2nd period - Wrist shot by Mitch Callahan.
11:31 of 2nd period - Shot Blocked by Adam Gaudette.
11:33 of 2nd period - Snap shot by Michael Ferland.
11:33 of 2nd period - Goal by Michael Ferland - Demolitions : 3 - Diablos : 7.
11:34 of 2nd period - Corey Trivino wins face-off versus Daultan Leveillé in neutral zone.
11:50 of 2nd period - Icing by J.T. Brown.
11:51 of 2nd period - Daultan Leveillé wins face-off versus Adam Gaudette in Demolitions zone.
11:58 of 2nd period - Wrist shot by J.T. Brown.
11:58 of 2nd period - Stopped by Joni Ortio with a rebound.
12:06 of 2nd period - Wrist shot by Daultan Leveillé.
12:06 of 2nd period - Stopped by Joni Ortio without a rebound.
12:07 of 2nd period - Phil McRae wins face-off versus Corey Trivino in Diablos zone.
12:11 of 2nd period - Minor Penalty to Adrian Kempe for Slashing.
12:12 of 2nd period - Corey Trivino wins face-off versus Daultan Leveillé in Diablos zone.
12:24 of 2nd period - Slapshot by Tyler Pitlick.
12:24 of 2nd period - Shot Misses the Net.
12:38 of 2nd period - Viktor Loov is hit by Taylor Beck and loses puck.
13:04 of 2nd period - Tyler Pitlick is hit by Taylor Beck and loses puck.
13:56 of 2nd period - Snap shot by Phil McRae.
13:56 of 2nd period - Shot Misses the Net.
14:11 of 2nd period - Penalty to Adrian Kempe is over, Adrian Kempe is back on ice.
14:24 of 2nd period - Wrist shot by Taylor Beck.
14:24 of 2nd period - Shot Misses the Net.
14:26 of 2nd period - Slapshot by Joel Vermin.
14:26 of 2nd period - Goal by Joel Vermin - Demolitions : 4 - Diablos : 7.
14:27 of 2nd period - Daultan Leveillé wins face-off versus Corey Trivino in neutral zone.
14:50 of 2nd period - Alex Petrovic is hit by Daultan Leveillé and loses puck.
14:55 of 2nd period - Wrist shot by Brandon Saad.
14:55 of 2nd period - Shot Misses the Net.
15:32 of 2nd period - Off-side.
15:33 of 2nd period - Andrej Nestrasil wins face-off versus Adam Gaudette in neutral zone.
15:40 of 2nd period - Wrist shot by Joshua Leivo.
15:40 of 2nd period - Stopped by Joni Ortio without a rebound.
15:41 of 2nd period - Andrej Nestrasil wins face-off versus Adam Gaudette in Diablos zone.
15:46 of 2nd period - Snap shot by Joshua Leivo.
15:46 of 2nd period - Stopped by Joni Ortio with a rebound.
15:48 of 2nd period - Snap shot by Jared Staal.
15:48 of 2nd period - Goal by Jared Staal - Demolitions : 5 - Diablos : 7.
15:49 of 2nd period - Phil McRae wins face-off versus Corey Trivino in neutral zone.
16:20 of 2nd period - Minor Penalty to Michael Prapavessis for Interference.
16:21 of 2nd period - Taylor Beck wins face-off versus Peter Holland in Demolitions zone.
16:37 of 2nd period - Wrist shot by Brian Dumoulin.
16:37 of 2nd period - Shot Blocked by Nikita Tryamkin.
18:20 of 2nd period - Penalty to Michael Prapavessis is over, Michael Prapavessis is back on ice.
18:24 of 2nd period - Corey Tropp is hit by Aaron Haydon and loses puck.
19:01 of 2nd period - Juuso Riikola is hit by Corey Trivino and loses puck.
19:16 of 2nd period - Guillaume Brisebois is hit by Nikita Tryamkin and loses puck.
19:21 of 2nd period - Slapshot by Daultan Leveillé.
19:21 of 2nd period - Goal by Daultan Leveillé - Demolitions : 6 - Diablos : 7.
19:22 of 2nd period - Corey Trivino wins face-off versus Daultan Leveillé in neutral zone.
19:37 of 2nd period - Snap shot by J.T. Brown.
19:37 of 2nd period - Deflect By Daultan Leveillé.
19:37 of 2nd period - Stopped by Joni Ortio without a rebound.
19:38 of 2nd period - Adam Gaudette wins face-off versus Phil McRae in Diablos zone.
19:40 of 2nd period - Minor Penalty to Jiri Sekac for Hooking.
19:41 of 2nd period - Corey Trivino wins face-off versus Daultan Leveillé in Diablos zone.
Goals for this period are 5 for Demolitions vs 2 for Diablos .
Shots for this period are 15 for Demolitions vs 10 for Diablos .
3rd period
0:01 of 3rd period - Tyler Pitlick wins face-off versus Daultan Leveillé in neutral zone.
1:40 of 3rd period - Penalty to Jiri Sekac is over, Jiri Sekac is back on ice.
1:48 of 3rd period - Jared Staal is hit by Jakub Vrana and loses puck.
2:17 of 3rd period - Andrey Pedan is hit by Aaron Haydon and loses puck.
2:27 of 3rd period - Icing by Michael Ferland.
2:28 of 3rd period - Corey Trivino wins face-off versus Mitch Callahan in Demolitions zone.
2:35 of 3rd period - Wrist shot by Adrian Kempe.
2:35 of 3rd period - Stopped by Brandon Halverson with a rebound.
2:37 of 3rd period - Wrist shot by Adrian Kempe.
2:37 of 3rd period - Stopped by Brandon Halverson with a rebound.
4:43 of 3rd period - Guillaume Brisebois is hit by Jeremy Roy and loses puck.
4:59 of 3rd period - Guillaume Brisebois is hit by Juuso Riikola and loses puck.
5:21 of 3rd period - Ty Rattie is hit by Juuso Riikola and loses puck.
6:24 of 3rd period - Wrist shot by Dominic Turgeon.
6:24 of 3rd period - Stopped by Brandon Halverson without a rebound.
6:25 of 3rd period - Phil McRae wins face-off versus Corey Trivino in Demolitions zone.
6:32 of 3rd period - Slapshot by Corey Trivino.
6:32 of 3rd period - Shot Misses the Net.
6:34 of 3rd period - Slapshot by Peter Holland.
6:34 of 3rd period - Deflect By Taylor Beck.
6:34 of 3rd period - Stopped by Brandon Halverson without a rebound.
6:35 of 3rd period - Corey Trivino wins face-off versus Phil McRae in Demolitions zone.
9:03 of 3rd period - Wrist shot by Phil McRae.
9:03 of 3rd period - Stopped by Joni Ortio with a rebound.
9:41 of 3rd period - Wrist shot by Phil McRae.
9:41 of 3rd period - Stopped by Joni Ortio with a rebound.
10:13 of 3rd period - Off-side.
10:14 of 3rd period - Daultan Leveillé wins face-off versus Adam Gaudette in neutral zone.
10:16 of 3rd period - Off-side.
10:17 of 3rd period - Adam Gaudette wins face-off versus Daultan Leveillé in neutral zone.
10:43 of 3rd period - Brian Dumoulin is hit by Aaron Haydon and loses puck.
11:16 of 3rd period - Colton Gillies is hit by Jiri Sekac and loses puck.
11:53 of 3rd period - Brian Dumoulin is hit by Jared Staal and loses puck.
12:45 of 3rd period - J.T. Brown is hit by Adam Gaudette and loses puck.
15:45 of 3rd period - Jiri Sekac is hit by Michael Prapavessis and loses puck.
16:49 of 3rd period - Icing by Guillaume Brisebois.
16:50 of 3rd period - Christoph Bertschy wins face-off versus Andrey Pedan in Diablos zone.
17:37 of 3rd period - Adam Gaudette is hit by Nikita Tryamkin and loses puck.
18:28 of 3rd period - Brandon Saad is hit by Tyler Pitlick and loses puck.
18:33 of 3rd period - Wrist shot by Peter Holland.
18:33 of 3rd period - Stopped by Brandon Halverson with a rebound.
19:00 of 3rd period - Demolitions, Brandon Halverson is pulled from the net.
19:16 of 3rd period - Wrist shot by Christoph Bertschy.
19:16 of 3rd period - Stopped by Joni Ortio with a rebound.
19:18 of 3rd period - Slapshot by Juuso Riikola.
19:18 of 3rd period - Shot Misses the Net.
19:20 of 3rd period - Backhand shot by Daultan Leveillé.
19:20 of 3rd period - Deflect By Alex Hutchings.
19:20 of 3rd period - Stopped by Joni Ortio with a rebound.
19:22 of 3rd period - Wrist shot by Daultan Leveillé.
19:22 of 3rd period - Deflect By Christoph Bertschy.
19:22 of 3rd period - Goal by Christoph Bertschy - Demolitions : 7 - Diablos : 7.
19:22 of 3rd period - Brandon Halverson from Demolitions was sent back in the game.
19:23 of 3rd period - Andrej Nestrasil wins face-off versus Adam Gaudette in neutral zone.
Goals for this period are 1 for Demolitions vs 0 for Diablos .
Shots for this period are 5 for Demolitions vs 5 for Diablos .
Overtime #1
0:01 of 1st overtime period - Brandon Saad wins face-off versus Peter Holland in neutral zone.
0:32 of 1st overtime period - Taylor Beck is hit by Dean Kukan and loses puck.
2:45 of 1st overtime period - Nikita Tryamkin is hit by Adam Gaudette.
2:49 of 1st overtime period - Dean Kukan is hit by Aaron Haydon and loses puck.
4:27 of 1st overtime period - Wrist shot by Adam Gaudette.
4:27 of 1st overtime period - Goal by Adam Gaudette - Demolitions : 7 - Diablos : 8.
Goals for this period are 0 for Demolitions vs 1 for Diablos .
Shots for this period are 0 for Demolitions vs 1 for Diablos .